 Dungeon Crawl Stone Soup version 0.28.0-53-g5a82cb258f (webtiles) character file.

Game seed: 8697062051519934933

98 safid the Digger (level 4, -1/26 HPs)
             Began as a Gargoyle Earth Elementalist on Sept 8, 2022.
             Slain by Natasha (5 damage)
             ... on level 2 of the Dungeon.
             The game lasted 00:04:15 (4245 turns).

safid the Digger (Gargoyle Earth Elementalist)      Turns: 4245, Time: 00:04:15

Health: -1/26      AC:  5    Str: 12    XL:     4   Next: 71%
Magic:  5/8        EV: 12    Int: 17    God:
Gold:   216        SH:  0    Dex: 10    Spells: 7/8 levels left

rFire   . . .      SeeInvis .   l - +0 falchion
rCold   . . .      Faith    .   (no shield)
rNeg    + . .      Spirit   .   b - +0 robe
rPois   ∞          Reflect  .   (no helmet)
rElec   +          Harm     .   (no cloak)
rCorr   .          Rampage  .   (no gloves)
Will    .....                   (no boots)
Stlth   ++........              (no amulet)
HPRegen 0.08/turn               (no ring)
MPRegen 0.11/turn               (no ring)

@: no status effects
A: sickness immunity, AC +3, negative energy resistance 1, electricity
resistance, torment resistance 1, petrification resistance
a: no special abilities


You were on level 2 of the Dungeon.
You visited 1 branch of the dungeon, and saw 2 of its levels.

You collected 216 gold pieces.

Inventory:

Hand Weapons
 l - a +0 falchion (weapon)
Missiles
 c - 40 stones
Armour
 b - a +0 robe (worn)
Jewellery
 o - an amulet of guardian spirit
Scrolls
 a - a scroll of fear {unknown}
 d - 2 scrolls of enchant weapon {unknown}
 g - a scroll of amnesia {unknown}
 h - a scroll of fog {unknown}
 i - a scroll of brand weapon {unknown}
 j - 4 scrolls of teleportation {unknown}
 m - a scroll of blinking {unknown}
 p - a scroll of identify {unknown}
Potions
 e - 2 potions of ambrosia {unknown}
 f - a potion of curing
 k - a potion of attraction {unknown}
 n - 2 potions of brilliance {unknown}
 q - a potion of heal wounds {unknown}
 r - a potion of lignification {unknown}


   Skills:
 + Level 2.2 Fighting
 - Level 2.0 Dodging
 - Level 2.1 Stealth
 + Level 2.9 Spellcasting
 - Level 0.7 Transmutations
 + Level 4.5 Earth Magic


You had 7 spell levels left.
You knew the following spells:

 Your Spells              Type           Power      Damage    Failure   Level
a - Sandblast             Erth           36%        2d10      2%          1

Your spell library contained the following spells:

 Spells                   Type           Power      Damage    Failure   Level
 Passwall                 Tmut/Erth      9%         N/A       9%          2
 Stone Arrow              Conj/Erth      20%        3d8       21%         3
 Petrify                  Tmut/Erth      11%        N/A       52%         4


Dungeon Overview and Level Annotations

Branches:
Dungeon (2/15)

Altars:

Annotations:
D:2 Natasha


Innate Abilities, Weirdness & Mutations

You are immune to sickness and miasma.
Your stone body is resilient. (AC +3)
You are immune to poison.
You resist negative energy. (rN+)
You are resistant to electric shocks. (rElec)
You are resistant to unholy torment.
You are immune to petrification.


Message History

You are too injured to fight recklessly!
You are too injured to fight recklessly!
You are too injured to fight recklessly!
You are too injured to fight recklessly!
You are too injured to fight recklessly!
You are too injured to fight recklessly!
You are too injured to fight recklessly!
You are too injured to fight recklessly!
You are too injured to fight recklessly!
You are too injured to fight recklessly!
Unknown command.
The white imp gestures at you. The puff of frost misses you.
Casting: Sandblast (safe; 2% risk of failure)
Confirm with . or Enter, or press ? or * to list all spells.
Aiming: Sandblast (safe; 2% risk of failure)
Press: ? - help, Shift-Dir - straight line, f - Natasha
Aim: Natasha (lightly wounded, 74% to hit)
The blast of sand misses Natasha.
Natasha stares at you and mumbles some strange words.
The magic dart hits you!
* * * LOW HITPOINT WARNING * * *
Casting: Sandblast (safe; 2% risk of failure)
Confirm with . or Enter, or press ? or * to list all spells.
Aiming: Sandblast (safe; 2% risk of failure)
Press: ? - help, Shift-Dir - straight line, f/p - Natasha
Aim: Natasha (lightly wounded, 74% to hit)
The blast of sand hits Natasha!
Natasha is severely wounded.
Natasha closely misses you.
Unknown command.
Casting: Sandblast (safe; 2% risk of failure)
Confirm with . or Enter, or press ? or * to list all spells.
Aiming: Sandblast (safe; 2% risk of failure)
Press: ? - help, Shift-Dir - straight line, f/p - Natasha
Aim: Natasha (severely wounded, 74% to hit)
The blast of sand misses Natasha.
The white imp puffs mist at you. Natasha claws you.
You die...

#.....#.####..#....# #
#..|..###..##.#.....
#.#.....##....#.###.##
#.##.).'#'....#..)...#
#.#####.##..##..#####
#....#'###)#...#
#..5##.##......#
#h#...#.....##
#@##.##..####
#..###...# #........#
#.........##
###########


You could see Natasha and a white imp (summoned).

Vanquished Creatures
  2 adders (D:2)
  4 worms (D:2)
  2 dart slugs
  An orc (D:2)
  8 bats
  5 endoplasms
  2 giant cockroaches
  3 goblins
  3 hobgoblins
  10 jackals (D:2)
  6 kobolds
  A quokka (D:1)
  6 ball pythons
  2 frilled lizards
  9 rats
64 creatures vanquished.

Notes
Turn   | Place    | Note
-------+----------+-------------------------------------------
     0 | D:1      | safid the Gargoyle Earth Elementalist began the quest for
                  | the Orb.
     0 | D:1      | Reached XP level 1. HP: 10/10 MP: 3/3
   139 | D:1      | Reached XP level 2. HP: 6/16 MP: 0/5
   758 | D:1      | Reached skill level 1 in Fighting
  1123 | D:1      | Reached skill level 4 in Earth Magic
  1332 | D:1      | Reached XP level 3. HP: 11/20 MP: 6/6
  1541 | D:1      | Found a faded altar of an unknown god.
  2750 | D:2      | Reached XP level 4. HP: 23/26 MP: 6/8
  2945 | D:2      | HP: 1/26 [jackal (3)]
  4230 | D:2      | Noticed Natasha
  4245 | D:2      | Slain by Natasha

Illustrated notes

Levels and vault maps discovered:
D:1:      mushboom_english_gardens, layout_basic, basic_ecumenical_altar,
          chequers_serial_rivers_small_a, minmay_misc_feat_rows,
          minmay_tetromino_s4
D:2:      layout_basic, minmay_joined_circles, uniq_natasha

Skill      XL: |  1  2  3  4 |
---------------+-------------+-----
Fighting       | 1 2 |  2.2
Earth Magic    | 4 |  4.5
Dodging        | 2 |  2.0
Stealth        | |  2.1
Spellcasting   | |  2.9
Transmutations | |  0.7

Action                   |  1- 3 |  4- 6 || total
-------------------------+-------+-------++-------
Melee: Unarmed           |    47 |       ||    47
       Dagger            |   158 |       ||   158
       Punch             |     3 |     1 ||     4
       Falchion          |     5 |    83 ||    88
 Cast: Sandblast         |    17 |    18 ||    35
 Stab: Sleeping          |     2 |     1 ||     3
Armor: Robe              |    96 |    36 ||   132
Dodge: Dodged            |   181 |   100 ||   281
